 Dungeon Crawl Stone Soup version 0.18.1-2-ga659475 (webtiles) character file.

126 IcyTea the Slasher (level 5, -8/32 HPs)
             Began as a Tengu Fighter on May 8, 2016.
             Was an Initiate of Okawaru.
             Mangled by an ogre
             ... wielding a +0 giant club
              (15 damage)
             ... on level 4 of the Dungeon.
             The game lasted 00:09:07 (2053 turns).

IcyTea the Slasher (Tengu Fighter)                  Turns: 2053, Time: 00:09:08

Health: -8/32      AC:  9    Str: 18    XL:     5   Next: 9%
Magic:  6/6        EV:  4    Int:  8    God:    Okawaru [......]
Gold:   123        SH:  9    Dex: 13    Spells: 0 memorised, 4 levels left

rFire  . . .     SeeInvis .     a - +0 long sword
rCold  . . .     Gourm    +     b - +0 chain mail
rNeg   . . .     Faith    .     c - +0 shield
rPois  .         Spirit   .     k - +0 hat
rElec  .         Dismiss  .     (no cloak)
rCorr  .         Reflect  .     (no gloves)
SustAt .         Harm     .     (boots unavailable)
MR     .....                    e - amulet of the gourmand
Stlth  ..........               (no ring)
                                (no ring)

@: not resistant to hostile enchantments, extremely unstealthy
A: beak, talons 3, able to fly 1
a: Fly, Renounce Religion


You were on level 4 of the Dungeon.
You worshipped Okawaru.
Okawaru was noncommittal.
You were completely stuffed.

You visited 1 branch of the dungeon, and saw 4 of its levels.

You collected 123 gold pieces.

Inventory:

Hand Weapons
 a - a +0 long sword (weapon)
Armour
 b - a +0 chain mail (worn)
 c - a +0 shield (worn)
 k - a +0 hat (worn)
Jewellery
 e - an amulet of the gourmand (around neck)
 j - a +3 ring of intelligence {unknown}
Scrolls
 i - a scroll of recharging
 n - 2 scrolls of remove curse {unknown}
 o - a scroll of teleportation
Potions
 d - a potion of might
 h - a potion of invisibility
 l - a potion of mutation {unknown}
 m - a potion of lignification {unknown}
Comestibles
 f - a bread ration
 g - a meat ration
 p - 2 beef jerkies


   Skills:
 - Level 3.0 Fighting
 + Level 5.6 Long Blades
 - Level 3.2 Armour
 - Level 3.0 Shields


You had 4 spell levels left.
You didn't know any spells.

Dungeon Overview and Level Annotations

Branches:
Dungeon (4/15)
 Temple: D:4-7

Altars:
Makhleb
Okawaru
Zin


Innate Abilities, Weirdness & Mutations

You have a beak for a mouth.
You have claws for feet.
You can fly.


Message History

An ogre comes into view. It is wielding a giant club.
The ogre shouts!
Found 10 stones.
A giant cockroach comes into view.
You hit the ogre. Your peck misses the ogre.
The ogre is lightly wounded.
The ogre completely misses you.
You completely miss the ogre. Your kick misses the ogre. You peck the ogre.
The ogre is lightly wounded.
You block the ogre's attack.
You slash the ogre! You claw the ogre. You peck the ogre.
The ogre is severely wounded.
The ogre hits you with a giant club!!
Ouch! That really hurt!
* * * LOW HITPOINT WARNING * * *
Your shield and chain mail prevent you from hitting the ogre.
The ogre is severely wounded.
The giant cockroach waves its antennae.
The ogre hits you with a giant club!
You die...

#.>................
##.#......###.....#
#.#.....†........#
#.#..............#
#.####....##.#####
#####..........#..#
#.........#.#..##.#
#..[......+..... ..
#....@....####.#####
#...O.....# .#
#..s......#
#.........#
#######.########..
#.......# ...
#.#####.# .
#####.#####
#.......(.#


You could see an ogre and a giant cockroach.

Vanquished Creatures
  Terence (D:3)
  3 adders
  3 worms (D:2)
  2 dart slugs (D:3)
  2 giant geckos
  2 orcs (D:3)
  5 giant cockroaches
  10 goblins
  7 hobgoblins
  A ball python (D:3)
  6 bats
  3 giant newts
  8 kobolds
  10 rats
63 creatures vanquished.

Notes
Turn   | Place    | Note
--------------------------------------------------------------
     0 | D:1      | IcyTea the Tengu Fighter began the quest for the Orb.
     0 | D:1      | Reached XP level 1. HP: 14/14 MP: 2/2
    97 | D:1      | Reached skill level 3 in Long Blades
    97 | D:1      | Reached XP level 2. HP: 16/19 MP: 3/3
   420 | D:1      | Reached XP level 3. HP: 19/23 MP: 4/4
   736 | D:2      | Reached skill level 4 in Long Blades
  1076 | D:2      | Reached XP level 4. HP: 23/28 MP: 5/5
  1596 | D:3      | Reached skill level 5 in Long Blades
  1675 | D:3      | Found an iron altar of Okawaru.
  1699 | D:3      | Became a worshipper of Warmaster Okawaru
  1730 | D:3      | Noticed Terence
  1740 | D:3      | Killed Terence
  1931 | D:3      | Found a burning altar of Makhleb.
  1935 | D:3      | Gained mutation: You can fly. [Tengu growth]
  1935 | D:3      | Reached XP level 5. HP: 32/32 MP: 6/6
  1944 | D:3      | Noticed an ogre
  2038 | D:4      | Found a glowing silver altar of Zin.
  2040 | D:4      | Noticed an ogre
  2053 | D:4      | Mangled by an ogre

Skill      XL: |  1  2  3  4 |
---------------+-------------+-----
Long Blades    | 3 4 5 |  5.6
Fighting       | |  3.0
Armour         | |  3.2
Shields        | |  3.0

Action                   |  1- 3 |  4- 6 || total
-------------------------+-------+-------++-------
Melee: Long sword        |    78 |    57 ||   135
       Kick              |    16 |     7 ||    23
       Peck              |    14 |     9 ||    23
  Use: Scroll            |     5 |     2 ||     7
       Potion            |     1 |       ||     1
  Eat: Chunk             |       |    14 ||    14
Armor: Scale mail        |    29 |    31 ||    60
Dodge: Dodged            |    19 |    14 ||    33
Block: Shield            |    30 |    37 ||    67
